 Dungeon Crawl Stone Soup version 0.28-a0-863-g8cecda6153 (webtiles) character file.

Game seed: 16053503766785155680

361 patchburns1 the Skirmisher (level 6, -2/56 HPs)
             Began as a Hill Orc Fighter on Nov 20, 2021.
             Was an Initiate of Beogh.
             Slain by AttackTheMoon's ghost (8 damage)
             ... on level 3 of the Dungeon.
             The game lasted 00:12:06 (2403 turns).

patchburns1 the Skirmisher (Hill Orc Fighter)       Turns: 2403, Time: 00:12:06

Health: -2/56      AC:  7    Str: 21    XL:     6   Next: 66%
Magic:  7/8        EV:  9    Int:  8    God:    Beogh [......]
Gold:   100        SH:  4    Dex: 10    Spells: 5/5 levels left

rFire   . . .      SeeInvis .   a - +0 war axe
rCold   . . .      Faith    .   c - +0 buckler
rNeg    . . .      Spirit   .   b - +0 scale mail
rPois   .          Reflect  .   (no helmet)
rElec   .          Harm     .   (no cloak)
rCorr   .          Rampage  .   (no gloves)
Will    .....                   (no boots)
Stlth   ..........              (no amulet)
HPRegen 0.18/turn               (no ring)
MPRegen 0.11/turn               (no ring)

@: hasted, very quick
A: no striking features
a: Renounce Religion


You were on level 3 of the Dungeon.
You worshipped Beogh.
Beogh was noncommittal.
You visited 1 branch of the dungeon, and saw 3 of its levels.

You collected 100 gold pieces.

Inventory:

Hand Weapons
 a - a +0 war axe (weapon)
 j - a +1 dagger of draining
 p - a +0 scythe
Missiles
 f - 2 curare-tipped darts (quivered)
 g - 13 bolts
 n - 102 stones
Armour
 b - a +0 scale mail (worn)
 c - a +0 buckler (worn)
Magical Staves
 o - a staff of air
Scrolls
 e - a scroll of immolation {unknown}
 k - a scroll of blinking {unknown}
 l - a scroll of identify {unknown}
 q - a scroll of enchant weapon {unknown}
Potions
 d - a potion of might
 h - a potion of haste
 i - a potion of curing {unknown}
 m - a potion of cancellation {unknown}


   Skills:
 * Level 5.0 Fighting
 * Level 4.5 Axes
 + Level 1.4 Throwing
 * Level 4.5 Armour
 + Level 4.1 Shields
 * Level 3.0 Invocations
 + Level 1.5 Evocations


You had 5 spell levels left.
You didn't know any spells.
Your spell library contained the following spells:

 Spells                   Type           Power      Damage    Failure   Level
 Magic Dart               Conj           0%         1d3       75%         1
 Call Imp                 Summ           0%         N/A       86%         2
 Mephitic Cloud           Conj/Pois/Air  0%         N/A       98%         3


Dungeon Overview and Level Annotations

Branches:
Dungeon (3/15)

Altars:
Elyvilon
Fedhas
Nemelex Xobeh
Yredelemnul

Shops:
D:2 :

Annotations:
D:3 AttackTheMoon's ghost, amateur TrMo


Message History

You slash AmazingEquinox's ghost!
You destroy AmazingEquinox's ghost!
Beogh accepts your kill.
Your Fighting skill increases to level 5!
Your Invocations skill increases to level 3!
You have reached level 6!
Your experience leads to an increase in your attributes!
Increase (S)trength, (I)ntelligence, or (D)exterity?
You feel stronger.
You slash AttackTheMoon's ghost!
AttackTheMoon's ghost is heavily damaged.
AttackTheMoon's ghost hits you but does no damage.
You hit AttackTheMoon's ghost.
AttackTheMoon's ghost is heavily damaged.
You hit AttackTheMoon's ghost.
AttackTheMoon's ghost is severely damaged.
You block AttackTheMoon's ghost's attack.
You slash AttackTheMoon's ghost!
AttackTheMoon's ghost is almost destroyed.
AttackTheMoon's ghost hits you.
* * * LOW HITPOINT WARNING * * *
Throw: 4 darts (curare)
Press: ? - help, Q - select action, (/) - cycle Shift-Dir - straight line, f - AttackTheMoon's ghost
Aim: AttackTheMoon's ghost (almost destroyed, 57% to hit)
You throw a curare-tipped dart.
The curare-tipped dart hits AttackTheMoon's ghost.
AttackTheMoon's ghost is almost destroyed.
Throw: 3 darts (curare)
Press: ? - help, Q - select action, (/) - cycle Shift-Dir - straight line, f/p - AttackTheMoon's ghost
Aim: AttackTheMoon's ghost (almost destroyed, 57% to hit)
You throw a curare-tipped dart.
The curare-tipped dart closely misses AttackTheMoon's ghost.
You closely miss AttackTheMoon's ghost.
AttackTheMoon's ghost is almost destroyed.
AttackTheMoon's ghost whispers, "There is no future for you."
You block AttackTheMoon's ghost's attack.
Your scale mail prevents you from hitting AttackTheMoon's ghost.
AttackTheMoon's ghost is almost destroyed.
AttackTheMoon's ghost hits you!
You die...

#.o#....†...#...#
#..#.##......(..#
#...............######.
#..)..#.......#........
#.......####..#.######.
#....#### #.(#.# #.#..#
#..#.#
####.#.>#######.W#.#
...............[@..#
###..........##..###
###'''####.##.....
♣.......♣#.##.#####
#⌠.......⌠#.##.#
#♣.......♣#.##.#
#?........#.##.#
##8.....8##.##.#
##/♣⌠♣.##


You could see AttackTheMoon's ghost.

Vanquished Creatures
  Sigmund (D:3)
  The ghost of AmazingEquinox the Slasher, an amateur DrBe of Trog (D:3)
  An adder (D:2)
  A white imp (D:3)
  2 dart slugs
  3 worms (D:2)
  3 endoplasms
  2 giant cockroaches
  5 goblins
  3 hobgoblins
  3 jackals
  3 kobolds
  2 quokkas
  6 ball pythons
  3 bats
  2 frilled lizards
  6 rats
47 creatures vanquished.

Vanquished Creatures (others)
  An orc wizard (D:3)
  An orc (D:3)
  A kobold (D:3)
3 creatures vanquished.

Grand Total: 50 creatures vanquished

Notes
Turn   | Place    | Note
-------+----------+-------------------------------------------
     0 | D:1      | patchburns1 the Hill Orc Fighter began the quest for the
                  | Orb.
     0 | D:1      | Reached XP level 1. HP: 19/19 MP: 1/1
   437 | D:1      | Reached XP level 2. HP: 27/27 MP: 2/2
   840 | D:1      | Reached skill level 4 in Fighting
   998 | D:1      | Found a faded altar of an unknown god.
  1029 | D:2      | Found Xothuatu's Book Boutique.
  1069 | D:2      | Reached XP level 3. HP: 25/31 MP: 3/3
  2062 | D:2      | Reached skill level 1 in Invocations
  2156 | D:3      | Became a worshipper of Beogh the Brigand
  2166 | D:3      | Reached XP level 4. HP: 32/40 MP: 4/4
  2186 | D:3      | Found a basalt altar of Yredelemnul.
  2191 | D:3      | Found a white marble altar of Elyvilon.
  2191 | D:3      | Found a sparkling altar of Nemelex Xobeh.
  2191 | D:3      | Noticed Sigmund
  2209 | D:3      | Killed Sigmund
  2210 | D:3      | Reached skill level 1 in Throwing
  2210 | D:3      | Reached skill level 1 in Evocations
  2210 | D:3      | Reached XP level 5. HP: 42/47 MP: 4/6
  2222 | D:3      | Found a blossoming altar of Fedhas.
  2326 | D:3      | Found a runed translucent gate.
  2326 | D:3      | Found a runed translucent gate.
  2326 | D:3      | Found a runed translucent gate.
  2334 | D:3      | Noticed AmazingEquinox's ghost (amateur DrBe)
  2334 | D:3      | Noticed AttackTheMoon's ghost (amateur TrMo)
  2390 | D:3      | Killed AmazingEquinox's ghost
  2391 | D:3      | Reached skill level 5 in Fighting
  2391 | D:3      | Reached XP level 6. HP: 7/56 MP: 6/8
  2403 | D:3      | Slain by AttackTheMoon's ghost

Illustrated notes

Levels and vault maps discovered:
D:1:      psy_arrival_whirlpool, layout_loops_ring, serial_glass,
          glass_columns_a, glass_columns_a, chequers_ecumenical_altar_grove,
          minmay_tripent
D:2:      wad_crossroads, layout_basic, serial_shops, nicolae_diamond_shop,
          minmay_pentomino_w2
D:3:      layout_basic, grunt_temple_overflow_open, gammafunk_ghost_cemetery,
          minmay_fractal_squares_5, uniq_sigmund

Skill      XL: |  1  2  3  4  5 |
---------------+----------------+-----
Axes           | 3 4 |  4.5
Fighting       | 4 5 |  5.0
Invocations    | 1 2 3 |  3.0
Throwing       | 1 |  1.4
Armour         | 4 |  4.5
Evocations     | 1 |  1.5
Shields        | 4 |  4.1

Action                   |  1- 3 |  4- 6 || total
-------------------------+-------+-------++-------
Melee: War axe           |   133 |    42 ||   175
Throw: Dart              |       |     4 ||     4
Invok: Convert to Beogh  |     1 |       ||     1
  Use: Potion            |       |     1 ||     1
Armor: Scale mail        |    57 |    26 ||    83
Dodge: Dodged            |    50 |    15 ||    65
Block: Buckler           |    34 |     8 ||    42

Table legend: (Time is in decaauts)
 A = Elapsed time spent in this place.
 B = Non-inter-level travel time spent in this place.
 C = Inter-level travel time spent in this place.
 D = Time resting spent in this place.
 E = Time spent auto-exploring this place.
 F = Levels seen in this place.
 G = Mean time per level.
                   A        B        C        D        E       F      G
               +--------+--------+--------+--------+--------+-----+--------+
         Total |   2462 |   2462 |      0 |    378 |    984 |   3 |  820.7 |
       Dungeon |   2462 |   2462 |      0 |    378 |    984 |   3 |  820.7 |
               +--------+--------+--------+--------+--------+-----+--------+

Top non-repeatable levels by time:
     D:2: 1147 daAuts
     D:1: 1056 daAuts
     D:3: 258 daAuts
